 Dungeon Crawl Stone Soup version 0.23-a0-396-g5214e5f (webtiles) character file.

29 galech the Covered (level 3, 29/29 HPs)
             Began as a Demonspawn Fighter on Nov 2, 2018.
             Quit the game on level 1 of the Dungeon.
             The game lasted 00:00:47 (421 turns).

galech the Covered (Demonspawn Fighter)              Turns: 421, Time: 00:00:47

Health: 29/29      AC:  6    Str: 16    XL:     3   Next: 1%
Magic:  3/3        EV:  6    Int:  9    God:
Gold:   40         SH:  8    Dex: 13    Spells: 2/2 levels left

rFire    . . .     SeeInvis .   a - +0 war axe
rCold    . . .     Gourm    .   c - +0 shield
rNeg     . . .     Faith    .   b - +0 scale mail
rPois    .         Spirit   .   (no helmet)
rElec    .         Reflect  .   (no cloak)
rCorr    .         Harm     .   (no gloves)
MR       .....                  (no boots)
Stlth    ..........             (no amulet)
HPRegen  0.09/turn              (no ring)
MPRegen  0.08/turn              (no ring)

@: no status effects
A: talons 1, spiny 1
a: no special abilities


You were on level 1 of the Dungeon.
You were not hungry.

You visited 1 branch of the dungeon, and saw 1 of its levels.

You collected 40 gold pieces.

Inventory:

Hand Weapons
 a - a +0 war axe (weapon)
Armour
 b - a +0 scale mail (worn)
 c - a +0 shield (worn)
Scrolls
 h - a scroll of immolation {unknown}
 i - a scroll of enchant armour {unknown}
 j - a scroll of identify {unknown}
Potions
 d - a potion of might
 e - a potion of haste {unknown}
Comestibles
 f - 4 rations
 g - 8 chunks of flesh


   Skills:
 + Level 3.1 Fighting
 + Level 2.0 Axes
 + Level 3.4 Armour
 + Level 2.9 Shields


You had 2 spell levels left.
You didn't know any spells.
Your spell library was empty.

Dungeon Overview and Level Annotations

Branches:
Dungeon (1/15)

Altars:


Innate Abilities, Weirdness & Mutations

You have sharp toenails.
You are partially covered in sharp spines.


Message History

You see here 11 gold pieces.
A rat comes into view.
The dart slug launches a dart at you. You block the slug dart.
The dart slug bites you but does no damage.
Your shield and scale mail prevent you from hitting the dart slug.
You claw the dart slug.
The dart slug is heavily wounded.
The dart slug launches a dart at you. You block the slug dart.
The rat bites you but does no damage.
You slash the dart slug!
You kill the dart slug!
Your Axes skill increases to level 2!
You have reached level 3!
Your experience leads to an increase in your attributes!
Increase (S)trength, (I)ntelligence, or (D)exterity?
You feel agile.
Your demonic ancestry asserts itself...
Sharp spines emerge from parts of your body.
You completely miss the rat. You block the rat's attack.
Are you sure you want to abandon this character and quit the game? (Confirm

####. #..... ###
#.# ..# #..# #.#
#.#.#.. #$###
#.##.#
#...###.##.# ##
#######.#.....##.#
#.
......r...###.##.#
#.
.######@......##.#
#.
#†#####.##.###.##.
#.# #........##.
#......##.#######.
#.###.# #÷# #. #.#
#. #.# #.
#.###.###.## #.
#..........# #.
###.###..######.


You could see a rat.

Vanquished Creatures
  2 dart slugs (D:1)
  A leopard gecko (D:1)
  2 bats (D:1)
  A giant cockroach (D:1)
  4 goblins (D:1)
  4 hobgoblins (D:1)
  4 frilled lizards (D:1)
  3 kobolds (D:1)
  2 rats (D:1)
23 creatures vanquished.

Notes
Turn   | Place    | Note
-------+----------+-------------------------------------------
     0 | D:1      | galech the Demonspawn Fighter began the quest for the Orb.
     0 | D:1      | Reached XP level 1. HP: 18/18 MP: 1/1
   140 | D:1      | Gained mutation: You have sharp toenails. [demonic
                  | ancestry]
   140 | D:1      | Reached XP level 2. HP: 21/24 MP: 2/2
   420 | D:1      | Gained mutation: You are partially covered in sharp spines.
                  | [demonic ancestry]
   420 | D:1      | Reached XP level 3. HP: 29/29 MP: 3/3
   421 | D:1      | Quit the game

Vault maps used:
D:1:      psy_arrival_radial02

Skill      XL: |  1  2 |
---------------+-------+-----
Armour         | 3 |  3.4
Axes           | 2 |  2.0
Fighting       | |  3.1
Shields        | |  2.9

Action                   || total
-------------------------++-------
Melee: War axe           ||    61
       Kick              ||    10
Armor: Scale mail        ||    26
Dodge: Dodged            ||    13
Block: Shield            ||    37

Table legend:
 A = Non-vault XP
 B = Vault XP
 C = Vault XP percentage of total XP
 D = Non-vault monster count
 E = Vault monster count
 F = Vault count percentage of total count
                 A         B        C        D         E       F
            +---------+---------+-------+---------+---------+-------
      Total |      42 |       0 |   0.0 |      23 |       0 |   0.0
            +---------+---------+-------+---------+---------+-------
        D:1 |      42 |       0 |   0.0 |      23 |       0 |   0.0
            +---------+---------+-------+---------+---------+-------
